 Dungeon Crawl Stone Soup version 0.31-a0-801-gc67433417a (webtiles) character file.

Game seed: 11392235660793015304

9 Essalna the Conjurer (level 2, 19/19 HPs)
             Began as a Demonspawn Conjurer on Sept 20, 2023.
             Got out of the dungeon alive.
             The game lasted 00:00:10 (59 turns).

Essalna the Conjurer (Demonspawn Conjurer)            Turns: 59, Time: 00:00:11

Health: 19/19      AC:  2    Str:  7    XL:     2   Next: 6%
Magic:  1/5        EV: 12    Int: 19    God:
Gold:   7          SH:  0    Dex: 11    Spells: 4/5 levels left

rFire   . . .        (no weapon)
rCold   . . .        (no shield)
rNeg    . . .        a - +0 robe
rPois   .            (helmet restricted)
rElec   .            (no cloak)
rCorr   .            (no gloves)
SInv    .            (no boots)
Will    .....        (no amulet)
Stlth   ++           (no ring)
HPRegen 0.23/turn    (no ring)
MPRegen 0.09/turn

%: no passive effects
@: no status effects
A: antennae 1
a: no special abilities


You escaped.
You visited 1 branch of the dungeon, and saw 1 of its levels.

You collected 7 gold pieces.

Inventory:

Armour
 a - a +0 robe (worn)
Scrolls
 c - a scroll of identify {unknown}
Potions
 b - a potion of magic


   Skills:
 - Level 1.7 Dodging
 - Level 1.7 Stealth
 + Level 2.3 Spellcasting
 + Level 4.2 Conjurations


You had 4 spell levels left.
You knew the following spells:

 Your Spells              Type           Power      Damage    Failure   Level
a - Magic Dart            Conj           72%        1d6       2%          1

Your spell library contained the following spells:

 Spells                   Type           Power      Damage    Failure   Level
 Searing Ray              Conj           36%        2d5       4%          2
 Dazzling Flash           Conj/Hex       20%        N/A       21%         3
 Fulminant Prism          Conj/Hex       5%         3d7       56%         4
 Iskenderun's Mystic Bla  Conj/Tloc      10%        2d4       56%         4


Dungeon Overview and Level Annotations

Branches:
Dungeon (1/15)

Altars:


Innate Abilities, Weirdness & Mutations

You have a pair of small antennae on your head.


Message History

Press ? for a list of commands and other information.
Found a stone.
Found a staircase leading out of the dungeon.
You now have 7 gold pieces.
You see here a stone.
c - a scroll labelled GOHUUD ABLISU
Found an escape hatch in the floor.
Key pressed, stopping explore.
You open the door.
There is an open door here.
A gnoll comes into view. It is wielding a +0 whip.
Found a scroll labelled CIULIQ LUDI.
The magic dart hits the gnoll but does no damage.
The gnoll shouts!
The magic dart hits the gnoll.
The gnoll is moderately wounded.
The gnoll closely misses you.
The magic dart hits the gnoll.
The gnoll is almost dead.
The gnoll barely misses you.
You are out of magic!
You are out of magic!
You are out of magic!
You are out of magic!
Attack: -) Nothing wielded
Press: ? - help, Dir - move target, f/p - gnoll
Aim: a gnoll, wielding a +0 whip (almost dead, about 36% to evade your hands)
You barely miss the gnoll.
The gnoll is almost dead.
The gnoll hits you but does no damage.
Attack: -) Nothing wielded
Press: ? - help, Dir - move target, f/p - gnoll
Aim: a gnoll, wielding a +0 whip (almost dead, about 36% to evade your hands)
You hit the gnoll.
You kill the gnoll!
You have reached level 2!
Your demonic ancestry asserts itself...
A pair of antennae grows on your head!
There is a staircase leading out of the dungeon here.
You have escaped!

#...># ##...###..#
#....##... #.
##...###..# ## ..
#....##...##... ##..
#...###...... .# .#.
###..###..... ..
?.##.'...##...# ##
#.#.#..##..#..@.##.#
#.)#.###.##.......####
#.......##...........
##.#..........#######
#.#######....# #.#
####.# #.# #(# #..
........# ###
#########


There were no monsters in sight!

Vanquished Creatures
  A gnoll (D:1)
1 creature vanquished.

Notes
Turn   | Place    | Note
-------+----------+-------------------------------------------
     0 | D:1      | Essalna the Demonspawn Conjurer began the quest for the
                  | Orb.
     0 | D:1      | Reached XP level 1. HP: 13/13 MP: 3/3
    48 | D:1      | Gained mutation: You have a pair of small antennae on your
                  | head. [demonic ancestry]
    48 | D:1      | Reached XP level 2. HP: 19/19 MP: 0/5
    59 | D:$      | Got out of the dungeon alive.

Illustrated notes

Levels and vault maps discovered:
D:1:      dpeg_arrival_long_road, layout_loops_ring

Action                     || total
---------------------------++-------
  Melee: Unarmed           ||     2
   Cast: Magic Dart        ||     3
 Armour: Robe              ||     1
  Dodge: Dodged            ||     2

Table legend: (Time is in decaauts)
 A = Elapsed time spent in this place.
 B = Non-inter-level travel time spent in this place.
 C = Inter-level travel time spent in this place.
 D = Time resting spent in this place.
 E = Time spent auto-exploring this place.
 F = Levels seen in this place.
 G = Mean time per level.
                   A        B        C        D        E       F      G
               +--------+--------+--------+--------+--------+-----+--------+
         Total |     59 |     49 |     10 |      0 |     40 |   1 |   59.0 |
       Dungeon |     59 |     49 |     10 |      0 |     40 |   1 |   59.0 |
               +--------+--------+--------+--------+--------+-----+--------+

Top non-repeatable levels by time:
     D:1: 59 daAuts
